 Dungeon Crawl Stone Soup version 0.28.0-53-g5a82cb258f (webtiles) character file.

Game seed: 18270983156719180232

1091 Sin92 the Skirmisher (level 8, -4/62 HPs)
             Began as a Demonspawn Fighter on June 8, 2022.
             Slain by a yak (5 damage)
             ... on level 6 of the Dungeon.
             The game lasted 00:06:27 (5409 turns).

Sin92 the Skirmisher (Demonspawn Fighter)           Turns: 5409, Time: 00:06:28

Health: -4/62      AC: 19    Str: 18    XL:     8   Next: 9%
Magic:  8/8        EV:  8    Int:  9    God:
Gold:   271        SH:  9    Dex: 16    Spells: 7/7 levels left

rFire   + . .      SeeInvis .   a - +1 war axe
rCold   . . .      Faith    .   c - +0 buckler
rNeg    . . .      Spirit   .   m - +1 chain mail
rPois   .          Reflect  .   d - +0 helmet
rElec   .          Harm     .   (no cloak)
rCorr   .          Rampage  .   t - +2 pair of gloves
Will    .....                   (no boots)
Stlth   ..........              (no amulet)
HPRegen 0.20/turn               j - ring of protection from fire
MPRegen 0.22/turn               r - ring of flight

@: flying
A: thin skeletal structure 1, icemail 1, magic regeneration, condensation
shield, weakness stinger 2
a: no special abilities


You were on level 6 of the Dungeon.
You visited 1 branch of the dungeon, and saw 6 of its levels.

You collected 271 gold pieces.

Inventory:

Hand Weapons
 a - a +1 war axe (weapon)
Missiles
 b - a throwing net (quivered)
Armour
 c - a +0 buckler (worn)
 d - a +0 helmet (worn)
 m - a +1 chain mail (worn)
 t - a +2 pair of gloves (worn)
Jewellery
 j - a ring of protection from fire (left hand)
 r - a ring of flight (right hand)
Wands
 e - a wand of mindburst (13)
Scrolls
 n - a scroll of amnesia
 p - a scroll of identify
 q - a scroll of teleportation
Potions
 f - a potion of curing
 g - 3 potions of lignification
 h - a potion of flight


   Skills:
 + Level 5.1 Fighting
 + Level 4.1 Axes
 + Level 4.7 Armour
 + Level 3.6 Dodging
 + Level 4.7 Shields


You had 7 spell levels left.
You didn't know any spells.
Your spell library contained the following spells:

 Spells                   Type           Power      Damage    Failure   Level
 Dispersal                Tloc           0%         N/A       100%        6
 Disjunction              Tloc           0%         N/A       100%        8


Dungeon Overview and Level Annotations

Branches:
Dungeon (6/15)
 Temple: D:4-7

Altars:
Ashenzari
Makhleb
Vehumet

Shops:
D:5 [

Annotations:
D:6 Grinder


Innate Abilities, Weirdness & Mutations

You have a somewhat thin skeletal structure. (Dex +2, Stealth+)
A meltable icy envelope protects you from harm. (AC +4)
You regenerate magic rapidly.
A meltable shield of frost defends you. (SH +4)
You have a tail ending in a sharp stinger.


Message History

You block the yak's attack.
You hit the yak.
The yak is moderately wounded.
The yak gores you. The yak gores you!
You hit the yak.
The yak is moderately wounded.
You block the yak's attack.
You barely miss the yak.
The yak is moderately wounded.
You block the yak's attack.
You hit the yak but do no damage.
The yak is moderately wounded.
The yak gores you but does no damage. x2
You barely miss the yak.
The yak is moderately wounded.
The yak gores you but does no damage.
Unknown command.
You barely miss the yak.
You tail-slap the yak, but do no damage.
The yak is moderately wounded.
The yak gores you. The yak gores you but does no damage.
You barely miss the yak. You tail-slap the yak.
The yak is moderately wounded.
The yak gores you but does no damage.
You hit the yak.
The yak is heavily wounded.
The yak gores you!
* * * LOW HITPOINT WARNING * * *
You closely miss the yak.
You tail-slap the yak, but do no damage.
The yak is heavily wounded.
You block the yak's attack. The yak gores you!
* * * LOW HITPOINT WARNING * * *
You slash the yak!
The yak is severely wounded.
The yak gores you but does no damage.
You hit the yak.
The yak is severely wounded.
The yak gores you.
You die...

#.# #
#.# #..
# #.# ..
# #.#
#.. #.#
.≈
#.##.#
#.#..
#.#Y#
#.#@#
#.#.#
#.#.##
#....#
#.##.#
#.. .≈#
##.##..#
.. ...#
#..#..≈.
##


You could see a yak.

Vanquished Creatures
  Duvessa (D:5)
  An ice beast (D:5)
  A black bear (D:6)
  3 ogres
  Dowan (D:5)
  An orc priest (D:4)
  2 hounds
  2 jellies
  A gnoll shaman (D:5)
  An iguana (D:6)
  2 orc wizards (D:5)
  Robin (D:2)
  6 gnolls
  3 adders
  An ufetubus (D:5)
  An adder skeleton (D:4)
  A worm (D:5)
  4 dart slugs
  11 orcs
  7 ball pythons
  6 bats
  3 endoplasms
  4 giant cockroaches
  21 goblins
  13 hobgoblins
  11 jackals
  6 kobolds
  4 quokkas
  6 frilled lizards
  5 rats
  A spectral kobold (D:2)
131 creatures vanquished.

Notes
Turn   | Place    | Note
-------+----------+-------------------------------------------
     0 | D:1      | Sin92 the Demonspawn Fighter began the quest for the Orb.
     0 | D:1      | Reached XP level 1. HP: 18/18 MP: 1/1
    70 | D:1      | Gained mutation: You have a small tail. [demonic ancestry]
    70 | D:1      | Reached XP level 2. HP: 10/24 MP: 2/2
   538 | D:1      | Gained mutation: A meltable shield of frost defends you.
                  | (SH +4) [demonic ancestry]
   538 | D:1      | Reached XP level 3. HP: 29/29 MP: 3/3
   559 | D:1      | Reached skill level 1 in Dodging
  1097 | D:2      | Gained mutation: You have a tail ending in a sharp stinger.
                  | [demonic ancestry]
  1097 | D:2      | Reached XP level 4. HP: 31/35 MP: 4/4
  1345 | D:2      | Found a faded altar of an unknown god.
  1586 | D:2      | Noticed Robin
  1609 | D:2      | Killed Robin
  2583 | D:3      | Reached XP level 5. HP: 42/42 MP: 5/5
  2863 | D:4      | Noticed an ogre
  2874 | D:4      | Killed an ogre
  2875 | D:4      | Reached skill level 4 in Fighting
  2997 | D:4      | Gained mutation: You have a somewhat thin skeletal
                  | structure. (Dex +2, Stealth+) [demonic ancestry]
  2997 | D:4      | Reached XP level 6. HP: 44/48 MP: 6/6
  3087 | D:4      | Found a broken altar of Ashenzari.
  3726 | D:5      | Entered Level 5 of the Dungeon
  3726 | D:5      | Noticed an ice beast
  3737 | D:5      | Killed an ice beast
  3908 | D:5      | Noticed Duvessa
  3909 | D:5      | Found a radiant altar of Vehumet.
  3909 | D:5      | Noticed Dowan
  3921 | D:5      | Killed Duvessa
  3922 | D:5      | Gained mutation: A meltable icy envelope protects you from
                  | harm. (AC +4) [demonic ancestry]
  3922 | D:5      | Reached XP level 7. HP: 41/55 MP: 7/7
  3974 | D:5      | Killed Dowan
  4544 | D:5      | Found a burning altar of Makhleb.
  4545 | D:5      | Noticed a blizzard demon
  4763 | D:5      | Found Putot's Antique Armour Boutique.
  5081 | D:6      | Noticed Grinder
  5083 | D:6      | Paralysed by Grinder for 4 turns
  5119 | D:6      | Reached skill level 5 in Fighting
  5384 | D:6      | Noticed a yak
  5386 | D:6      | Gained mutation: You regenerate magic rapidly. [demonic
                  | ancestry]
  5386 | D:6      | Reached XP level 8. HP: 50/62 MP: 8/8
  5407 | D:6      | HP: 1/62 [yak (13)]
  5409 | D:6      | Slain by a yak

Illustrated notes

Levels and vault maps discovered:
D:1:      matt_arrival_diagonals, layout_basic, serial_glass, glass_columns_a,
          glass_columns_c, glass_columns_c, glass_columns_a, glass_columns_a,
          glass_columns_b, glass_columns_b, glass_columns_a, glass_columns_a,
          glass_columns_c, glass_columns_a, glass_columns_a, glass_columns_b,
          glass_columns_a
D:2:      cheibrodos_greedy_goblins, layout_basic,
          dreamdust_ecumenical_altar_drowned_temple, minmay_cupped, uniq_robin
D:3:      layout_loops_ring, grunt_decor_resistance
D:4:      layout_cave_pools, ashenzari_conservatory_becter
D:5:      layout_loops_corners, makhleb_altar_promises_db,
          mainiacjoe_overflow_boulevard, minmay_misc_feat_square,
          kennysheep_cross_bottleneck, nicolae_stop_n_shop_1,
          due_unseen_surprise, uniq_duvessa
D:6:      layout_cave_pools, lemuel_coloured_pillars_altar,
          mainiacjoe_overflow_concentric_impassable, nzn_random_ring,
          uniq_grinder

Skill      XL: |  1  2  3  4  5  6  7 |
---------------+----------------------+-----
Axes           | 2 3 4 |  4.1
Shields        | 3 4 |  4.7
Armour         | 3 4 |  4.7
Dodging        | 1 2 3 |  3.6
Fighting       | 4 5 |  5.1

Action                   |  1- 3 |  4- 6 |  7- 9 || total
-------------------------+-------+-------+-------++-------
Melee: War axe           |   102 |   163 |   123 ||   388
       Tailslap          |     9 |    13 |    20 ||    42
  Use: Scroll            |       |     9 |     2 ||    11
       Potion            |       |     5 |     2 ||     7
 Stab: Invisible         |       |     3 |       ||     3
Armor: Scale mail        |    52 |    13 |       ||    65
       Chain mail        |       |    48 |   108 ||   156
       Skin              |       |    17 |       ||    17
Dodge: Dodged            |    51 |    58 |    29 ||   138
Block: Buckler           |    46 |    76 |    66 ||   188
